 Dungeon Crawl Stone Soup version 0.30.0 (webtiles) character file.

Game seed: 10903555315816758586

203 alexhoolio the Cutter (level 5, -2/46 HPs)
             Began as a Ghoul Gladiator on June 2, 2023.
             Slain by a jelly (3 damage)
             ... on level 3 of the Dungeon.
             The game lasted 00:15:40 (3310 turns).

alexhoolio the Cutter (Ghoul Gladiator)             Turns: 3310, Time: 00:15:40

Health: -2/46      AC: -5    Str: 18    XL:     5   Next: 81%
Magic:  4/4        EV: 10    Int:  3    God:
Gold:   189        SH:  0    Dex: 12    Spells: 3/4 levels left

rFire   . . .        u - +1 dagger (venom)
rCold   + . .        (no shield)
rNeg    + + +        w - +0 scale mail
rPois   ∞            c - +0 helmet
rElec   .            (no cloak)
rCorr   .            (no gloves)
SInv    .            (no boots)
Will    .....        (no amulet) Stlth
                     (no ring)
HPRegen 0.00/turn    (no ring)
MPRegen 0.09/turn

%: no passive effects
@: corroded, inhibited regen
A: claws 1, cold resistance 1, negative energy resistance 3, inhibited
regeneration, torment resistance 2, devour on kill
a: no special abilities


You were on level 3 of the Dungeon.
You visited 1 branch of the dungeon, and saw 4 of its levels.

You collected 189 gold pieces.

Inventory:

Hand Weapons
 a - a +0 rapier
 h - a +0 sling
 q - a +1 whip of electrocution
 u - a +1 dagger of venom (weapon)
Missiles
 e - a javelin
 f - 37 stones (quivered)
 t - 3 silver boomerangs
Armour
 c - a +0 helmet (worn)
 w - a +0 scale mail (worn)
Jewellery
 d - a ring of flight
Wands
 r - a wand of flame (15)
Scrolls
 g - a scroll of enchant weapon {unknown}
 i - a scroll of fear {unknown}
 m - a scroll of amnesia {unknown}
 n - a scroll of blinking {unknown}
 p - 2 scrolls of identify {unknown}
 s - 2 scrolls of poison {unknown}
 v - a scroll of enchant armour {unknown}
Potions
 j - a potion of haste {unknown}
 k - 2 potions of heal wounds {unknown}
 l - a potion of curing {unknown}
 o - 2 potions of mutation {unknown}


   Skills:
 + Level 3.6 Fighting
 * Level 4.5 Short Blades
 - Level 1.7 Throwing
 - Level 3.5 Dodging


You had 3 spell levels left.
You knew the following spells:

 Your Spells              Type           Power      Damage    Failure   Level
a - Freeze                Ice            0%         1d3       91%         1

Your spell library contained the following spells:

 Spells                   Type           Power      Damage    Failure   Level
 Metabolic Englaciation   Hex/Ice        0%         N/A       100%        5
 Silence                  Hex/Air        0%         N/A       100%        5
 Polar Vortex             Ice            0%         N/A       100%        9


Dungeon Overview and Level Annotations

Branches:
Dungeon (4/15)
 Temple: D:4-7

Altars:
Qazlal
Wu Jian
Yredelemnul


Innate Abilities, Weirdness & Mutations

You are immune to poison.
You have sharp fingernails.
Your flesh is cold resistant. (rC+)
You are immune to negative energy. (rN+++)
You do not regenerate when monsters are visible.
You are immune to unholy pain and torment.
You thrive by killing the living.


Message History

You hit the orc.
The orc is poisoned.
The orc is moderately wounded.
The orc closely misses you.
You hit the orc but do no damage.
The orc looks as sick as possible!
The orc is heavily wounded.
The orc closely misses you.
You hit the orc but do no damage.
The orc is heavily wounded.
You kill the orc!
You feel better.
Things that are here:
a +0 whip; a +0 scale mail You start resting.
HP restored.
You see here a +0 short sword.
There is a stone staircase leading down here.
You climb downwards.
There is a stone staircase leading up here.
The orc misses you. The jelly hits you. The acid corrodes you!
You are splashed with acid!
You climb upwards.
There is a stone staircase leading down here.
The orc attacks as you move away! The orc hits you with a +0 mace.
The jelly hits you but does no damage.
Things that are here:
a +0 leather armour; a +0 flail of protection The jelly attacks as you move away!
The jelly hits you but does no damage. The jelly attacks as you move away!
The jelly misses you.
You hit the jelly. The acid corrodes you!
Your claws burn!
The jelly is lightly wounded.
The jelly hits you.
You are splashed with acid!
Okay, then.
Okay, then.
Sorry, you're not good enough to have a special ability.
The jelly hits you. The acid corrodes you!
You are splashed with acid!
* * * LOW HITPOINT WARNING * * *
The orc attacks as you move away! The orc hits you with a +0 mace!
* * * LOW HITPOINT WARNING * * *
The jelly hits you.
You die...

######.###..##........#......
#............#........#...#.#
#..........#..........#...#.#
#.....>...>[..........#.....#
##########.#####..........###...#
.......# #.# #..........# #...#
.......# #.# #..........# #....
.......# #.# #..........# #...#
.......# #.# #@...#########...#
...<...# #.# #.J..# #......
#####.####.#####.o..# #......
#...##.....#....# #......
###.####.#.#....# #######
#......#.#....#
######.#.#....############
#...#...............#
#######.............#


You could see a jelly and an orc.

Vanquished Creatures
  An orc priest (D:3)
  Ijyb (D:3)
  3 gnolls (D:2)
  3 adders
  A white imp (D:4)
  An ufetubus (D:4)
  A worm (D:3)
  2 dart slugs
  13 orcs
  3 bats
  5 giant cockroaches
  A goblin (D:1)
  5 hobgoblins
  6 jackals (D:3)
  6 kobolds
  5 ball pythons
  7 frilled lizards
  2 rats
66 creatures vanquished.

Notes
Turn   | Place    | Note
-------+----------+-------------------------------------------
     0 | D:1      | alexhoolio the Ghoul Gladiator began the quest for the Orb.
     0 | D:1      | Reached XP level 1. HP: 17/17 MP: 0/0
     4 | D:1      | Got the Anthology of Obstruction and the Deep Freeze
   338 | D:1      | Reached skill level 3 in Short Blades
   338 | D:1      | Reached XP level 2. HP: 25/25 MP: 1/1
   341 | D:1      | Learned a level 1 spell: Freeze
  1377 | D:2      | Reached XP level 3. HP: 12/30 MP: 2/2
  1732 | D:2      | Reached XP level 4. HP: 24/37 MP: 3/3
  2129 | D:3      | Reached skill level 4 in Short Blades
  2129 | D:3      | Reached XP level 5. HP: 34/45 MP: 4/4
  2322 | D:3      | Found an ornate altar of the Wu Jian Council.
  2325 | D:3      | Found a basalt altar of Yredelemnul.
  2325 | D:3      | Found a stormy altar of Qazlal.
  2325 | D:3      | Noticed Ijyb
  2351 | D:3      | Killed Ijyb
  3309 | D:3      | HP: 1/46 [orc/+0 mace (7)]
  3310 | D:3      | Slain by a jelly

Illustrated notes

Levels and vault maps discovered:
D:1:      erik_arrival_orb_chamber, layout_basic
D:2:      layout_basic
D:3:      layout_basic, grunt_temple_overflow_open, uniq_ijyb
D:4:      layout_rooms, gammafunk_temple_overflow_elements,
          kennysheep_cross_room

Skill      XL: |  1  2  3  4 |
---------------+-------------+-----
Short Blades   | 3 4 |  4.5
Dodging        | 3 |  3.5
Fighting       | 3 |  3.6
Throwing       | |  1.7

Action                     |  1- 3 |  4- 6 || total
---------------------------+-------+-------++-------
  Melee: Rapier            |    80 |       ||    80
         Punch             |     2 |     3 ||     5
         Whip              |     8 |    70 ||    78
         Dagger            |       |    99 ||    99
   Fire: Sling             |     1 |       ||     1
  Throw: Throwing net      |     4 |     1 ||     5
         Javelin           |       |     1 ||     1
   Stab: Held in net/web   |     2 |       ||     2
 Armour: Leather armour    |    18 |    39 ||    57
         Scale mail        |       |    18 ||    18
  Dodge: Dodged            |    67 |   113 ||   180
